AoeStats
← Fazzz7z

African Clearing

506729583Analyzed
2v2 RM · 18d ago on Sep 14, 2026· 62m 52s· 4 players
Game mode
Random Map
Map size
Medium (4 player)
Population
200
Speed
Normal
Resources
Standard
Victory
Conquest
Starting age
Dark Age
Ending age
Imperial Age
RankedLock teamsTeams togetherTeam positionsShared explorationLock speedFull tech treeHidden civsTurbo modeCheats
Victory
Defeat
🇨🇦 Huns · Canada
1406
+13
🇬🇧 Persians · United Kingdom
1391
+14
🇨🇱 Hindustanis · Chile
1437
-17
🇨🇱 Huns · Chile
1248
-10
Jaha
13:41 Feudal Age
14:09 Town Watch
15:31 Wheelbarrow
15:46 Loom
16:48 Double-Bit Axe
19:16 Fletching
21:38 Padded Archer Armor
26:01 Castle Age
27:13 Bodkin Arrow
29:42 Husbandry
41:22 Horse Collar
43:27 Ballistics
43:27 Leather Archer Armor
43:45 Thumb Ring
44:44 Pikeman
45:24 Squires
47:24 Scale Mail Armor
50:33 Imperial Age
49:18 Heavy Plow
50:37 Heavy Cavalry Archer
51:21 Capped Ram
53:09 Parthian Tactics
53:47 Bracer
56:37 Conscription
56:22 Gold Mining
56:22 Stone Mining
58:51 Hand Cart
61:34 Chemistry
60:41 Siege Ram
Fazzz7z
5:08 Loom
12:31 Feudal Age
17:05 Castle Age
16:25 Double-Bit Axe
16:21 Horse Collar
18:48 Bow Saw
20:34 Loom
21:34 Wheelbarrow
28:22 Bloodlines
28:48 Husbandry
31:21 Gold Mining
33:00 Heavy Plow
33:28 Scale Barding Armor
34:26 Forging
35:44 Chain Barding Armor
39:48 Iron Casting
44:41 Hand Cart
45:33 Fletching
50:31 Imperial Age
49:40 Light Cavalry
50:17 Bodkin Arrow
50:29 Stone Mining
51:15 Gold Shaft Mining
50:23 Cavalier
51:02 Heavy Camel Rider
52:24 Conscription
52:43 Plate Barding Armor
53:09 Blast Furnace
52:48 Pikeman
53:28 Squires
53:14 Arson
53:15 Gambesons
54:55 Halberdier
56:50 Scale Mail Armor
56:53 Town Watch
58:22 Chain Mail Armor
58:40 Padded Archer Armor
58:22 Savar
58:27 Hussar
59:38 Citadels
61:10 Ballistics
62:03 Chemistry
61:53 Plate Mail Armor
62:34 Two-Man Saw
62:07 Crop Rotation
|DD2E| Poloisses
5:20 Loom
13:31 Feudal Age
18:22 Castle Age
16:29 Double-Bit Axe
16:25 Horse Collar
18:01 Fletching
19:06 Bodkin Arrow
21:19 Husbandry
31:22 Ballistics
33:41 Bow Saw
33:36 Heavy Plow
35:07 Wheelbarrow
37:00 Thumb Ring
41:14 Imperial Age
41:07 Pikeman
42:40 Scale Mail Armor
42:51 Forging
42:57 Hand Cart
43:41 Halberdier
45:13 Chain Mail Armor
45:33 Iron Casting
53:44 Conscription
53:37 Halberdier
55:13 Squires
54:59 Arson
58:48 Elite Skirmisher
59:34 Bracer
62:38 Blast Furnace
62:47 Chemistry
Kerjo
6:17 Loom
13:33 Feudal Age
14:16 Double-Bit Axe
19:21 Castle Age
19:34 Fletching
22:53 Bodkin Arrow
24:27 Crossbowman
29:10 Scale Mail Armor
29:55 Padded Archer Armor
30:11 Chain Mail Armor
31:52 Town Watch
35:19 Scale Barding Armor
35:24 Forging
38:50 Chain Barding Armor
39:18 Husbandry
41:45 Wheelbarrow
41:47 Iron Casting
41:33 Bow Saw
42:42 Bloodlines
48:03 Imperial Age
48:12 Horse Collar
48:07 Heavy Camel Rider
49:33 Plate Barding Armor
50:05 Imperial Camel Rider
51:17 Heavy Plow
52:31 Blast Furnace
51:02 Imperial Camel Rider
52:11 Light Cavalry
55:06 Hand Cart
56:42 Bracer
56:58 Leather Archer Armor
58:00 Hussar
Connection lost

Rejoining the realm…

Still unreachable

The connection could not be restored.

Session expired

The server has moved on; the page needs a fresh start.